 Dungeon Crawl Stone Soup version 0.23.2-30-g0e89c35649 (webtiles) character file.

Game seed: 2827354292743637201

291 HASTUR3 the Sneak (level 6, -3/39 HPs)
             Began as an Octopode Assassin on June 14, 2019.
             Slain by Grinder (4 damage)
             ... on level 4 of the Dungeon.
             The game lasted 00:13:28 (3115 turns).

HASTUR3 the Sneak (Octopode Assassin)               Turns: 3115, Time: 00:13:28

Health: -3/39      AC:  3    Str: 13    XL:     6   Next: 32%
Magic:  8/8        EV: 14    Int: 13    God:
Gold:   113        SH:  0    Dex: 13    Spells: 8/8 levels left

rFire    . . .     SeeInvis .     - Unarmed
rCold    . . .     Gourm    .   (no shield)
rNeg     . . .     Faith    .   (helmet restricted)
rPois    .         Spirit   .   (no amulet)
rElec    .         Reflect  .   (no ring)
rCorr    .         Harm     .   (no ring)
MR       .....                  (no ring)
Stlth    ++++......             (no ring)
HPRegen  0.13/turn              (no ring)
MPRegen  0.11/turn              (no ring)
                                (no ring)
                                (no ring)

@: no status effects
A: almost no armour, stealthy swim, amphibious, 8 rings, constrict 8, yellow
scales 1, camouflage 1, blink, wild magic 1, gelatinous body 1
a: Blink


You were on level 4 of the Dungeon.
You were not hungry.

You visited 1 branch of the dungeon, and saw 4 of its levels.

You collected 113 gold pieces.

Inventory:

Hand Weapons
 a - a +2 dagger
 b - a +0 blowgun
Missiles
 c - 20 poisoned needles
 d - 2 curare-tipped needles
 m - 27 arrows
 n - a throwing net (quivered)
Jewellery
 o - a +4 ring of intelligence {unknown}
Wands
 p - a wand of random effects (25)
Scrolls
 e - a scroll of blinking {unknown}
 g - 2 scrolls of remove curse {unknown}
 i - 4 scrolls of identify {unknown}
 k - 2 scrolls of enchant armour {unknown}
Potions
 l - a potion of lignification
Comestibles
 f - 9 rations


   Skills:
 * Level 2.0 Fighting
 - Level 2.0 Short Blades
 - Level 2.0 Throwing
 * Level 3.3 Dodging
 - Level 7.0 Stealth
 * Level 3.1 Unarmed Combat
 + Level 1.6 Spellcasting


You had 8 spell levels left.
You didn't know any spells.
Your spell library was empty.

Dungeon Overview and Level Annotations

Branches:
Dungeon (4/15)
 Temple: D:4-7

Altars:
Elyvilon

Annotations:
D:4 Grinder


Innate Abilities, Weirdness & Mutations

You cannot wear most types of armour.
You are very stealthy in the water. (Stealth+)
You are amphibious.
You can wear up to eight rings at the same time.
You can use your tentacles to constrict eight enemies at once.
Your skin changes colour to match your surroundings (Stealth+).
Your rubbery body absorbs attacks. (AC +1, EV +1)
You are partially covered in yellow scales. (AC +2)
You can translocate small distances at will.
Your spells are a little harder to cast, but a little more powerful.


Message History

Grinder says, "I used to sell toenails on the black market."
Grinder misses you.
You tentacle-slap Grinder but do no damage.
Grinder is lightly wounded.
You constrict Grinder. Grinder hits you.
You writhe in agony.
You barely miss Grinder.
Your tentacle-slap misses Grinder.
Grinder is lightly wounded.
You constrict Grinder. Grinder hits you.
You writhe in agony.
You barely miss Grinder. You squeeze Grinder.
Grinder is moderately wounded.
You constrict Grinder.
It was a potion of cancellation.
You feel magically purged.
You constrict Grinder. Grinder hits you.
You writhe in agony.
* * * LOW HITPOINT WARNING * * *
You tentacle-slap Grinder.
Grinder is heavily wounded.
You constrict Grinder. Grinder hits you!
* * * LOW HITPOINT WARNING * * *
You writhe in agony.
You die...

#####.#.#..#..#.#.#
#...#..#..#.#.####
##........#.#.....
.#####..#..#.##.#####.
...........#.##.# #.
##.#####.#######.#####.
#..#....>..............
.#.....5#########.######
.......@# #.# ....#...#
#.# ........# #.#
.#..#...# #.# #..#...#
#.# #. #...# #.# # #...#
#.#.#


You could see Grinder.

Vanquished Creatures
  A hound (D:2)
  Jessica (D:3)
  Natasha (thrice) (D:2)
  A hound skeleton (D:4)
  4 gnolls (D:3)
  5 adders
  2 dart slugs (D:3)
  2 leopard geckos (D:3)
  2 bats
  7 giant cockroaches
  10 goblins
  8 hobgoblins
  4 quokkas
  5 frilled lizards
  2 kobolds
  7 rats
64 creatures vanquished.

Notes
Turn   | Place    | Note
-------+----------+-------------------------------------------
     0 | D:1      | HASTUR3 the Octopode Assassin began the quest for the Orb.
     0 | D:1      | Reached XP level 1. HP: 14/14 MP: 1/1
   126 | D:1      | Reached XP level 2. HP: 19/19 MP: 2/2
   139 | D:1      | Reached skill level 1 in Unarmed Combat
   621 | D:2      | Reached XP level 3. HP: 22/24 MP: 3/3
   684 | D:2      | Noticed Natasha
   688 | D:2      | Killed Natasha
   808 | D:2      | Reached XP level 4. HP: 29/29 MP: 4/4
  1110 | D:2      | Noticed Natasha
  1302 | D:2      | Killed Natasha
  1302 | D:2      | Reached skill level 6 in Stealth
  1348 | D:2      | Reached XP level 5. HP: 34/34 MP: 5/5
  1509 | D:3      | Noticed Jessica
  1516 | D:3      | Killed Jessica
  1640 | D:3      | Found a white marble altar of Elyvilon.
  1874 | D:2      | Noticed Natasha
  1883 | D:2      | Killed Natasha
  1883 | D:2      | Reached skill level 1 in Spellcasting
  1886 | D:2      | Gained mutation: Your spells are a little harder to cast,
                  | but a little more powerful. [potion of mutation]
  1886 | D:2      | Gained mutation: You can translocate small distances at
                  | will. [potion of mutation]
  1886 | D:2      | Gained mutation: You are partially covered in yellow
                  | scales. (AC +2) [potion of mutation]
  2119 | D:3      | Reached XP level 6. HP: 39/39 MP: 7/7
  2472 | D:3      | Reached skill level 7 in Stealth
  3077 | D:4      | Noticed Grinder
  3115 | D:4      | HP: 1/39 [Grinder (9)]
  3115 | D:4      | Slain by Grinder

Skill      XL: |  1  2  3  4  5  6 |
---------------+-------------------+-----
Unarmed Combat | 1 2 3 |  3.1
Dodging        | 2 3 |  3.3
Stealth        | 6 7 |  7.0
Spellcasting   | 1 |  1.6
Fighting       | |  2.0
Short Blades   | |  2.0
Throwing       | |  2.0

Action                   |  1- 3 |  4- 6 || total
-------------------------+-------+-------++-------
Melee: Dagger            |    36 |   124 ||   160
       Constrict         |     9 |    23 ||    32
       Tentacles         |     7 |    18 ||    25
       Punch             |     1 |       ||     1
       Unarmed           |       |     6 ||     6
 Fire: Blowgun           |       |     5 ||     5
  Use: Potion            |       |     5 ||     5
 Stab: Sleeping          |     4 |    11 ||    15
  Eat: Chunk             |       |     7 ||     7
Armor: Skin              |     2 |    45 ||    47
Dodge: Dodged            |    15 |    57 ||    72
